 Dungeon Crawl Stone Soup version 0.19.1 (webtiles) character file.

3772 Dfrag the Thaumaturge (level 10, -6/75 HPs)
             Began as a Naga Conjurer on Nov 28, 2016.
             Was a Priest of Makhleb.
             Mangled by Grum
             ... wielding a -2 vampiric spear
              (23 damage)
             ... on level 10 of the Dungeon.
             The game lasted 00:16:44 (7290 turns).

Dfrag the Thaumaturge (Naga Conjurer)               Turns: 7290, Time: 00:16:45

Health: -6/75      AC: 11    Str: 10    XL:     10   Next: 16%
Magic:  15/24      EV: 10    Int: 16    God:    Makhleb [***...]
Gold:   421        SH:  0    Dex: 11    Spells: 2 memorised, 27 levels left

rFire  . . .     SeeInvis +     w - +1 dire flail (protect)
rCold  + . .     Gourm    .     a - +0 robe
rNeg   . . .     Faith    .     (shield currently unavailable)
rPois  +         Spirit   .     F - +1 helmet
rElec  .         Reflect  .     n - +2 cloak {+Inv}
rCorr  .         Harm     .     (no gloves)
MR     +....     Rnd*Tele +     (no barding)
Stlth  ++........               x - amulet of inaccuracy (curse)
                                v - ring of teleportation (curse)
                                p - ring of protection from cold

@: very slow
A: thin metallic scales 1, see invisible, clumsy 1, deformed body, dopey 1,
poison resistance, screaming 1, slowness 2, slow metabolism 1, spit poison 1, AC
+3
a: Spit Poison, Minor Destruction, Lesser Servant of Makhleb, Renounce Religion,
Evoke Invisibility


You were on level 10 of the Dungeon.
You worshipped Makhleb.
Makhleb was most pleased with you.
You were not hungry.

You visited 1 branch of the dungeon, and saw 10 of its levels.

You collected 421 gold pieces.

Inventory:

Hand Weapons
 j - a +1 short sword of speed
 r - a +2 flail of crushing
 w - a +1 dire flail of protection (weapon)
Armour
 a - a +0 robe (worn)
 n - a +2 cloak of invisibility (worn)
 F - a +1 helmet (worn)
Jewellery
 p - a ring of protection from cold (left hand)
 v - a cursed ring of teleportation (right hand)
 x - a cursed amulet of inaccuracy (around neck)
 A - an uncursed ring of fire
Wands
 m - a wand of enslavement (18/24)
 q - a wand of acid (4/15)
 y - a wand of flame (20/48)
Scrolls
 d - 2 scrolls of identify
 e - 5 scrolls of amnesia
 g - 2 scrolls of teleportation
 i - 3 scrolls of enchant weapon
 C - a scroll of summoning
 D - a scroll of blinking
 E - a scroll of recharging
Potions
 f - 2 potions of curing
 k - 2 potions of degeneration
 o - a potion of magic
 t - a potion of ambrosia
Books
 b - a book of Conjurations

   Spells                             Type                      Level
   a - Magic Dart                     Conjuration                  1
   b - Searing Ray                    Conjuration                  2
   c - Dazzling Spray                 Conjuration/Hexes            3
   d - Fulminant Prism                Conjuration/Hexes            4
   e - Iskenderun's Mystic Blast      Conjuration                  4
   f - Iskenderun's Battlesphere      Conjuration/Charms           5
 u - a book of Callings

   Spells                             Type                      Level
   a - Summon Small Mammal            Summoning                    1
   b - Call Imp                       Summoning                    2
   c - Call Canine Familiar           Summoning                    3
   d - Summon Guardian Golem          Hexes/Summoning              3
   e - Summon Lightning Spire         Summoning/Air                4
   f - Summon Ice Beast               Ice/Summoning                4
 z - a Young Poisoner's Handbook

   Spells                             Type                      Level
   a - Sting                          Conjuration/Poison           1
   b - Mephitic Cloud                 Conjuration/Poison/Air       3
   c - Olgreb's Toxic Radiance        Poison                       4
   d - Alistair's Intoxication        Transmutation/Poison         5
   e - Venom Bolt                     Conjuration/Poison           5
 G - a book of Clouds

   Spells                             Type                      Level
   a - Mephitic Cloud                 Conjuration/Poison/Air       3
   b - Conjure Flame                  Conjuration/Fire             3
   c - Poisonous Cloud                Conjuration/Poison/Air       6
   d - Freezing Cloud                 Conjuration/Ice/Air          6
   e - Ring of Flames                 Charms/Fire                  7
Comestibles
 c - 11 bread rations
 h - a royal jelly
 l - 2 beef jerkies
 s - 5 meat rations
 B - a slice of pizza


   Skills:
 - Level 1.5 Dodging
 - Level 3.0 Stealth
 * Level 10.8 Spellcasting
 + Level 9.2 Conjurations


You had 27 spell levels left.
You knew the following spells:

 Your Spells              Type           Power        Failure   Level  Hunger
a - Magic Dart            Conj           ####         1%          1    None
b - Searing Ray           Conj           #####.       1%          2    None


Dungeon Overview and Level Annotations

Branches:
Dungeon (10/15)            Temple (0/1) D:5
   Lair: D:8-11         Orc: D:9-12

Altars:
Gozag
Hepliaklqana
Kikubaaqudgha
Makhleb
Nemelex Xobeh
Okawaru
Vehumet
Zin

Annotations:
D:7 Konquest's ghost, novice GrBe
D:9 Gastronok; Joseph; Pikel
D:10 Grum


Innate Abilities, Weirdness & Mutations

You cannot wear boots.
Your serpentine skin is tough. (AC +3)
You have supernaturally acute eyesight. (SInv)
Armour fits poorly on your strangely shaped body.
Your system is resistant to poisons. (rPois)
You cover ground very slowly.
You have a slow metabolism.
You can spit poison.
You are partially covered in thin metallic scales. (AC +2)
You are clumsy. (Dex -2)
You are dopey. (Int -2)
You occasionally shout uncontrollably at your foes.


Message History

Aim: a wolf (almost dead)
The searing ray hits the wolf.
You kill the wolf!
Makhleb accepts your kill.
You feel better. The wolf bites you but does no damage.
Grum hits you with a vampiric spear! The wolf bites you but does no damage.
You hear a howl!
The searing ray hits Grum.
Grum is severely wounded.
Grum misses you. The wolf bites you but does no damage.
The searing ray misses Grum.
The wolf bites you! Grum hits you with a vampiric spear!
Grum draws strength from your wounds! The wolf bites you.
Grum hits you with a vampiric spear!
* * * LOW HITPOINT WARNING * * *
Grum draws strength from your wounds!
The searing ray hits Grum.
Grum is severely wounded.
You finish channeling your searing ray.
The wolf misses you. Grum hits you with a vampiric spear!!
You die...

#######
..#.....##
.......<.##
..........#
..........#
.........@#
....>...hg#
..........#
.............?...
.................
#.####..#.h.<...
... ....g.. ...#
###...h ###. ###.


You could see Grum (berserk) and 2 wolves.

Vanquished Creatures
  Grinder (D:3)
  2 hippogriffs (D:7)
  Edmund (D:5)
  2 sky beasts
  2 ice beasts
  2 orc warriors (D:8)
  2 phantoms
  3 ogres
  A centaur (D:6)
  A wolf (D:10)
  Blork the orc (D:5)
  2 bullfrogs (D:7)
  A big kobold (D:6)
  A wyvern zombie (D:8)
  A gnoll sergeant (D:5)
  4 wights (D:6)
  2 crimson imps
  A bullfrog zombie (D:6)
  A quasit (D:6)
  3 hounds
  3 orc priests
  9 orc wizards
  Crazy Yiuf (D:2)
  An iguana (D:4)
  Ijyb (D:2)
  Terence (D:3)
  4 worker ants
  A hound skeleton (D:7)
  Robin (D:2)
  3 worker ant zombies
  17 gnolls
  9 adders
  A shadow imp (D:5)
  2 oozes
  2 adder skeletons (D:8)
  A worm (D:2)
  5 dart slugs
  4 leopard geckos
  27 orcs
  5 bats
  A bat skeleton (D:2)
  4 bat zombies (D:2)
  3 giant cockroaches
  9 goblins
  7 hobgoblins
  23 jackals
  21 kobolds
  2 quokkas
  4 frilled lizards
  A jackal zombie (D:6)
  A quokka skeleton (D:6)
  9 rats
217 creatures vanquished.

Vanquished Creatures (others)
  The ghost of bluewall the Nimble, a novice SpAr of Fedhas (D:8)
  A crimson imp (D:8)
  2 fulminant prisms (D:8)
4 creatures vanquished.

Grand Total: 221 creatures vanquished

Notes
Turn   | Place    | Note
-------+----------+-------------------------------------------
     0 | D:1      | Dfrag the Naga Conjurer began the quest for the Orb.
     0 | D:1      | Reached XP level 1. HP: 15/15 MP: 3/3
   176 | D:1      | Reached XP level 2. HP: 17/22 MP: 0/5
   180 | D:1      | Learned a level 2 spell: Searing Ray
   565 | D:1      | Reached skill level 3 in Spellcasting
   565 | D:1      | Reached XP level 3. HP: 28/28 MP: 2/7
   947 | D:2      | Reached XP level 4. HP: 36/36 MP: 3/9
   963 | D:2      | Found an ancient bone altar of Kikubaaqudgha.
  1268 | D:2      | Found a runed door.
  1289 | D:2      | Noticed Robin
  1299 | D:2      | Noticed Ijyb
  1299 | D:2      | Killed Robin
  1317 | D:2      | Killed Ijyb
  1317 | D:2      | Reached skill level 4 in Spellcasting
  1317 | D:2      | Reached XP level 5. HP: 24/42 MP: 2/11
  1357 | D:2      | Noticed Crazy Yiuf
  1362 | D:2      | Killed Crazy Yiuf
  1571 | D:2      | Found a burning altar of Makhleb.
  1612 | D:2      | Became a worshipper of Makhleb the Destroyer
  1788 | D:2      | Reached skill level 5 in Conjurations
  1998 | D:2      | Noticed an ogre
  2006 | D:2      | Killed an ogre
  2006 | D:2      | Reached skill level 5 in Spellcasting
  2006 | D:2      | Reached XP level 6. HP: 5/49 MP: 5/13
  2268 | D:3      | Found an opulent altar of Gozag.
  2299 | D:3      | Noticed Grinder
  2311 | D:3      | Paralysed by Grinder for 6 turns
  2331 | D:3      | Killed Grinder
  2331 | D:3      | Reached XP level 7. HP: 27/55 MP: 2/15
  2344 | D:3      | Noticed Terence
  2354 | D:3      | Killed Terence
  2354 | D:3      | Reached skill level 6 in Spellcasting
  2524 | D:3      | Found an iron altar of Okawaru.
  2524 | D:3      | Found a glowing silver altar of Zin.
  2569 | D:3      | Reached * piety under Makhleb
  3516 | D:5      | Entered Level 5 of the Dungeon
  3629 | D:4      | Reached XP level 8. HP: 43/62 MP: 12/18
  3852 | D:5      | Noticed Blork the orc
  3866 | D:5      | Killed Blork the orc
  3866 | D:5      | Reached skill level 7 in Spellcasting
  3866 | D:5      | Reached ** piety under Makhleb
  3872 | D:5      | Noticed Edmund
  3892 | D:5      | Killed Edmund
  4034 | D:5      | Found a staircase to the Ecumenical Temple.
  4063 | D:5      | Gained mutation: You are partially covered in thin metallic scales. (AC +2) [mutagenic meat]
  4065 | D:5      | Gained mutation: You occasionally shout uncontrollably at your foes. [mutagenic meat]
  4241 | D:5      | Found a radiant altar of Vehumet.
  4399 | D:6      | Reached skill level 8 in Spellcasting
  4421 | D:6      | HP: 3/62 [wight/halberd (4)]
  4814 | D:6      | Reached XP level 9. HP: 38/68 MP: 4/21
  5451 | D:6      | Reached skill level 9 in Spellcasting
  5460 | D:6      | Found a hazy altar of Hepliaklqana.
  5825 | D:7      | Reached *** piety under Makhleb
  5987 | D:7      | Noticed Konquest's ghost (novice GrBe)
  6067 | D:8      | Gained mutation: You are dopey. (Int -2) [mutagenic meat]
  6068 | D:8      | Gained mutation: You are clumsy. (Dex -2) [mutagenic meat]
  6141 | D:8      | Reached skill level 10 in Spellcasting
  6434 | D:8      | Noticed bluewall's ghost (novice SpAr)
  6441 | D:8      | Killed bluewall's ghost
  6442 | D:8      | HP: 2/68 [fulminant prism[bluewall's ghost] (26)]
  6853 | D:8      | Reached XP level 10. HP: 51/75 MP: 19/24
  7075 | D:9      | Found a sparkling altar of Nemelex Xobeh.
  7118 | D:9      | Noticed Joseph
  7121 | D:9      | Noticed Gastronok
  7273 | D:9      | Noticed Pikel
  7275 | D:10     | Entered Level 10 of the Dungeon
  7280 | D:10     | Noticed Grum
  7290 | D:10     | Mangled by Grum

Skill      XL: |  1  2  3  4  5  6  7  8  9 |
---------------+----------------------------+-----
Spellcasting   | 3 4 5 6 8 10 | 10.8
Conjurations   | 5 6 7 9 |  9.2
Dodging        | |  1.5
Stealth        | |  3.0

Action                   |  1- 3 |  4- 6 |  7- 9 | 10-12 || total
-------------------------+-------+-------+-------+-------++-------
Melee: Unarmed           |     6 |       |       |       ||     6
       Short sword       |     5 |    51 |     4 |       ||    60
       Flail             |       |       |    23 |       ||    23
       Dire flail        |       |       |    67 |       ||    67
 Cast: Magic Dart        |    44 |    17 |    55 |     1 ||   117
       Searing Ray       |     1 |    19 |    84 |    15 ||   119
 Abil: Spit Poison       |    14 |    20 |    36 |     1 ||    71
Evoke: Wand              |       |       |     4 |       ||     4
  Use: Scroll            |       |       |     6 |     3 ||     9
       Potion            |       |       |     5 |       ||     5
 Stab: Sleeping          |       |     1 |     1 |       ||     2
       Distracted        |       |       |     1 |       ||     1
  Eat: Chunk             |       |     6 |    20 |     1 ||    27
Armor: Robe              |    11 |    42 |   112 |     8 ||   173
Dodge: Dodged            |    16 |    46 |   152 |    23 ||   237
